 Dungeon Crawl Stone Soup version 0.30.0-29-ga12c61a403 (webtiles) character file.

Game seed: 17174926326261369997

50395 javelincjr the Thaumaturge (level 14, -8/109 HPs)
             Began as a Gnoll Summoner on June 6, 2023.
             Was a High Priest of Sif Muna.
             Killed from afar by a will-o-the-wisp (18 damage)
             ... with a foxfire
             ... on level 2 of the Swamp on June 7, 2023.
             The game lasted 02:15:44 (21759 turns).

javelincjr the Thaumaturge (Gnoll Summoner)        Turns: 21759, Time: 02:15:44

Health: -8/109     AC: 16    Str: 18    XL:     14   Next: 55%
Magic:  21/28      EV: 29    Int: 19    God:    Sif Muna [*****.]
Gold:   1381       SH:  0    Dex: 11    Spells: 9/34 levels left

rFire   . . .        a - +6 quarterstaff (spect)
rCold   . . .        (shield currently unavailable)
rNeg    . . .        D - +0 swamp dragon scales
rPois   +            (no helmet)
rElec   .            R - +2 cloak
rCorr   .            v - +2 pair of gloves
SInv    .            (no boots)
Will    +....        z - amulet of the acrobat
Stlth   +++          r - ring of poison resistance
HPRegen 0.38/turn    y - +6 ring of strength
MPRegen 0.21/turn

%: acrobat
@: acrobatic, very slow
A: fangs 1, strong nose, distributed training, camouflage 1, screaming 1, strong
1
a: Renounce Religion, Channel Magic, Forget Spell, Divine Exegesis


You were on level 2 of the Swamp.
You worshipped Sif Muna.
Sif Muna was extremely pleased with you.
You visited 4 branches of the dungeon, and saw 17 of its levels.

You collected 1381 gold pieces.

Inventory:

Hand Weapons
 a - a +6 spectral quarterstaff (weapon)
Armour
 d - a +2 robe of willpower
 o - a +0 buckler
 v - a +2 pair of gloves (worn)
 D - +0 swamp dragon scales (worn)
 R - a +2 cloak (worn)
Magical Staves
 w - a staff of death
Jewellery
 m - a +6 ring of dexterity
 r - a ring of poison resistance (left hand)
 y - a +6 ring of strength (right hand)
 z - an amulet of the acrobat (around neck)
 B - a ring of see invisible
Wands
 e - a wand of acid (8)
 f - a wand of paralysis (25)
 F - a wand of digging (7)
 O - a wand of mindburst (6)
Scrolls
 c - 4 scrolls of magic mapping
 g - 2 scrolls of fog
 n - 2 scrolls of poison
 p - 5 scrolls of teleportation
 q - 5 scrolls of blinking
 s - a scroll of summoning
 t - 3 scrolls of identify
 C - 2 scrolls of fear
 I - 2 scrolls of amnesia
Potions
 b - 4 potions of magic
 h - 3 potions of resistance
 i - 5 potions of heal wounds
 j - 9 potions of might
 k - 2 potions of haste
 l - 7 potions of curing
 u - a potion of cancellation {unknown}
 A - 3 potions of degeneration {unknown}
 E - 2 potions of berserk rage {unknown}
 M - 2 potions of lignification {unknown}
Miscellaneous
 x - a condenser vane


   Skills:
 + Level 9.6 Fighting
 + Level 9.6 Short Blades
 + Level 9.6 Long Blades
 + Level 9.6 Axes
 + Level 9.6 Maces & Flails
 + Level 9.6 Polearms
 + Level 9.6 Staves
 + Level 9.6 Ranged Weapons
 + Level 9.6 Throwing
 + Level 9.6 Armour
 + Level 10.7 Dodging
 + Level 10.5 Stealth
 + Level 9.6 Shields
 + Level 9.6 Unarmed Combat
 + Level 10.9 Spellcasting
 + Level 8.1 Conjurations
 + Level 8.1 Hexes
 + Level 10.8 Summonings
 + Level 8.1 Necromancy
 + Level 8.1 Translocations
 + Level 8.1 Transmutations
 + Level 8.1 Fire Magic
 + Level 8.1 Ice Magic
 + Level 8.1 Air Magic
 + Level 8.1 Earth Magic
 + Level 8.1 Poison Magic
 + Level 10.5 Invocations
 + Level 9.6 Evocations


You had 9 spell levels left.
You knew the following spells:

 Your Spells              Type           Power      Damage    Failure   Level
a - Summon Small Mammal   Summ           100%       N/A       1%          1
b - Call Imp              Summ           100%       N/A       1%          2
c - Call Canine Familiar  Summ           51%        N/A       1%          3
d - Summon Lightning Spi  Summ/Air       46%        N/A       2%          4
e - Teleport Other        Tloc           41%        N/A       1%          3
f - Foxfire               Conj/Fire      100%       2x1d9     1%          1
g - Olgreb's Toxic Radia  Pois           41%        N/A       3%          4
h - Summon Hydra          Summ           25%        N/A       71%         7

Your spell library contained the following spells:

 Spells                   Type           Power      Damage    Failure   Level
 Sting                    Tmut/Pois      100%       1d8       1%          1
 Cigotuvi's Dreadful Rot  Necr/Pois/Air  82%        N/A       1%          2
 Lesser Beckoning         Tloc           82%        N/A       1%          2
 Poisonous Vapours        Pois/Air       82%        N/A       1%          2
 Static Discharge         Conj/Air       82%        2-6/arc   1%          2
 Sublimation of Blood     Necr           41%        N/A       1%          2
 Wereblood                Tmut           41%        N/A       1%          2
 Gell's Gravitas          Tloc           41%        N/A       1%          3
 Stone Arrow              Conj/Erth      82%        3d12      1%          3
 Summon Guardian Golem    Hex/Summ       46%        N/A       1%          3
 Arcjolt                  Conj/Air       20%        1d30      11%         5
 Fireball                 Conj/Fire      20%        3d10      11%         5
 Freezing Cloud           Conj/Ice/Air   20%        6-21      11%         5
 Metabolic Englaciation   Hex/Ice        20%        N/A       11%         5
 Conjure Ball Lightning   Conj/Air       20%        3x3d6     52%         6
 Plasma Beam              Fire/Air       20%        2x1d35    52%         6
 Starburst                Conj/Fire      20%        6d7       52%         6
 Shatter                  Erth           20%        3d18*     100%        9


Dungeon Overview and Level Annotations

Branches:
Dungeon (9/15)             Temple (1/1) D:7            Lair (5/5) D:9
  Swamp (2/4) Lair:3       Spider (0/4) Lair:3        Slime (0/5) Lair:5
    Orc: D:9-12

Altars:
Ashenzari
Cheibriados
Dithmenos
Elyvilon
Fedhas
Gozag
Hepliaklqana
Kikubaaqudgha
Makhleb
Nemelex Xobeh
Okawaru
Qazlal
Ru
Sif Muna
Trog
Uskayaw
Vehumet
Wu Jian
Xom
Yredelemnul
Zin
The Shining One
Jiyva
Lugonu

Shops:
D:1 [   D:6 *

Annotations:
D:8 2 transporters


Innate Abilities, Weirdness & Mutations

You have very sharp teeth.
Your uncanny sense of smell can sniff out nearby items.
Your experience applies equally to all skills.
Your skin changes colour to match your surroundings (Stealth+).
You occasionally shout uncontrollably at your foes.
Your muscles are strong. (Str +4, Int/Dex -1)


Message History

The harpoon shot hits your lightning spire.
The will-o-the-wisp blinks!
The swamp dragon bites you. The swamp dragon closely misses you.
The swamp dragon barely misses you.
The swamp dragon attacks as you move away!
The swamp dragon bites you but does no damage.
The swamp dragon closely misses you. The swamp dragon tramples you.
You enter the shallow water.
Moving in this stuff is going to be slow.
The swamp worm bites you but does no damage.
The swamp dragon attacks as you move away!
The swamp dragon bites you. The swamp dragon misses you.
The swamp dragon closely misses you.
The swamp worm attacks as you move away!
The swamp worm barely misses you.
The swamp worm fires a harpoon shot at you.
The harpoon shot hits you.
You are yanked forward by the harpoon shot.
Splash!
The six-headed hydra bites your lightning spire but does no damage.
The six-headed hydra bites your lightning spire!
Your lightning spire is destroyed!
Your lightning spire disappears in a puff of smoke!
The swamp worm barely misses you.
The will-o-the-wisp gestures.
The will-o-the-wisp conjures some foxfire!
The six-headed hydra roars! 2 foxfires come into view.
As you read the scroll of fear, it crumbles to dust.
You assume a fearsome visage.
The foxfire is unaffected. x2
The swamp dragon looks frightened!
The will-o-the-wisp is unaffected.
The six-headed hydra easily resists.
The swamp worm looks frightened! x2
The foxfire hits you!
* * * LOW HITPOINT WARNING * * *
The will-o-the-wisp gestures.
The will-o-the-wisp conjures some foxfire! 2 foxfires come into view.
The foxfire hits you!
* * * LOW HITPOINT WARNING * * *
The foxfire hits you!!
You die...

.~~~~..~ .~.....♣ .
♣♣♣.~§~.~♣ ..♣♣~.~~~~..♣♣
~~.~..~~~~~?~♣♣♣
~~~.~~~~~~~....♣♣ ♣♣♣
~~~~~§~~.~~~~~~.♣♣♣§♣♣♣♣
.~~~~...~~~~~~~.>♣♣.~..♣♣♣
......~$<@vv§§§~~~.~~.~..~
.....~.?§~§§§D~§§~..~~...~
~.~.~~~~~~~~§§vw§~.♣~.....
...~§~~~~.....?(§~.~....~~
~~.§......~D.w♣♣§~.~...~~~
~...§~...♣~..♣♣♣...♣.~~...
......~~.♣§..♣♣♣♣♣♣♣.~.~..
~~..~~~~~~.~~.♣~.~♣♣♣♣♣.~)
...~...~.~~<...~.♣ ♣.~~


You could see a six-headed hydra, a swamp dragon (fleeing), a will-o-the-wisp
and 2 swamp worms.

Vanquished Creatures
  An eleionoma (Swamp:1)
  A bunyip (Swamp:1)
  2 hydras
  A boulder beetle (D:9)
  A fire crab (Lair:5)
  A spriggan druid (Swamp:1)
  A swamp dragon (Swamp:1)
  A bog body (Lair:3)
  2 elephants
  2 molten gargoyles (Lair:5)
  3 black mambas (Lair:5)
  7 cane toads
  A rime drake (Lair:4)
  6 komodo dragons
  A meliai (Lair:3)
  2 tyrant leeches
  A hornet (Swamp:1)
  14 blink frogs
  19 yaks
  A wyvern (Lair:2)
  3 vampire mosquitoes
  5 basilisks
  An acid dragon (D:9)
  4 swamp worms (Swamp:1)
  7 water moccasins
  3 hell hounds (Lair:5)
  3 ice beasts
  A black bear (D:6)
  An ogre (D:6)
  7 wolves
  2 centaurs
  A phantom (D:6)
  11 bullfrogs
  2 scorpions
  A wight (D:9)
  2 killer bees (Lair:3)
  3 lava snakes (Lair:5)
  2 gnoll boudas
  3 hounds
  A sleepcap (D:7)
  Jessica (D:3)
  4 iguanas
  2 orc wizards
  8 hell rats
  3 gnolls
  7 river rats (Lair:1)
  5 adders
  A shadow imp (D:6)
  An ufetubus (D:6)
  5 orcs
  3 ball pythons
  A bat (D:2)
  2 endoplasms
  A giant cockroach (D:3)
  6 goblins
  4 hobgoblins
  3 kobolds
  3 quokkas
  6 rats
197 creatures vanquished.

Vanquished Creatures (collateral kills)
  An eleionoma (Swamp:1)
  A fire dragon (Lair:5)
  5 hydras
  3 catoblepae
  2 goliath frogs (Swamp:1)
  A skyshark (Lair:5)
  A spriggan druid (Swamp:2)
  A bog body (Swamp:1)
  3 elephants
  A black mamba (Lair:2)
  Joseph (D:7)
  2 torpor snails
  3 cane toads
  3 komodo dragons (Lair:5)
  2 rime drakes
  A bloated husk (Swamp:1)
  A hornet (Swamp:1)
  14 blink frogs
  2 spriggans (Swamp:1)
  3 wyverns
  Eustachio (D:6)
  2 steam dragons (Lair:5)
  27 yaks
  2 vampire mosquitoes (Swamp:1)
  A basilisk (Lair:5)
  Menkaure (D:7)
  Edmund (D:6)
  2 wargs (D:9)
  3 swamp worms
  9 water moccasins
  A swamp drake (Swamp:1)
  2 ice beasts
  4 orc warriors
  A black bear (D:6)
  5 ogres
  4 wolves
  2 centaurs
  A nameless horror (D:6)
  A kobold brigand (D:8)
  5 bullfrogs
  A scorpion (D:5)
  3 wights (D:9)
  10 killer bees
  A lava snake (Lair:5)
  2 hounds (D:5)
  4 jellies
  5 orc priests
  A gnoll bouda (D:5)
  Crazy Yiuf (D:7)
  A sleepcap (D:5)
  2 hell rats (Lair:2)
  3 iguanas
  8 orc wizards
  7 gnolls
  8 adders
  A shadow imp (D:7)
  A white imp (D:7)
  3 ufetubi
  A worm (D:2)
  A dart slug (D:3)
  29 orcs
  4 endoplasms
  3 giant cockroaches
  2 goblins (D:2)
  9 hobgoblins
  4 jackals (D:1)
  A quokka (D:1)
  6 ball pythons
  A bat (D:2)
  3 frilled lizards
  11 kobolds
  4 rats
  4 foxfires (Lair:5)
271 creatures vanquished.

Vanquished Creatures (others)
  A komodo dragon (Lair:5)
  189 foxfires
  7 spectral weapons
197 creatures vanquished.

Grand Total: 665 creatures vanquished

Notes
Turn   | Place    | Note
-------+----------+-------------------------------------------
     0 | D:1      | javelincjr the Gnoll Summoner began the quest for the Orb.
     0 | D:1      | Reached XP level 1. HP: 13/13 MP: 6/6
   232 | D:1      | Reached XP level 2. HP: 19/19 MP: 1/7
   371 | D:1      | Learned a level 2 spell: Call Imp
   493 | D:1      | Found Piorr's Antique Armour Boutique.
   728 | D:1      | Reached skill level 5 in Spellcasting
   728 | D:1      | Reached XP level 3. HP: 25/25 MP: 3/9
   761 | D:1      | Learned a level 3 spell: Call Canine Familiar
   937 | D:2      | Reached skill level 1 in Invocations
   949 | D:2      | Reached skill level 1 in Fighting
   949 | D:2      | Reached skill level 1 in Short Blades
   949 | D:2      | Reached skill level 1 in Long Blades
   949 | D:2      | Reached skill level 1 in Axes
   949 | D:2      | Reached skill level 1 in Maces & Flails
   949 | D:2      | Reached skill level 1 in Polearms
   949 | D:2      | Reached skill level 1 in Staves
   949 | D:2      | Reached skill level 1 in Ranged Weapons
   949 | D:2      | Reached skill level 1 in Throwing
   949 | D:2      | Reached skill level 1 in Armour
   949 | D:2      | Reached skill level 1 in Shields
   949 | D:2      | Reached skill level 1 in Unarmed Combat
   949 | D:2      | Reached skill level 1 in Evocations
   974 | D:2      | Reached XP level 4. HP: 18/32 MP: 1/11
  1233 | D:2      | Found a blossoming altar of Fedhas.
  1279 | D:2      | Reached skill level 1 in Conjurations
  1279 | D:2      | Reached skill level 1 in Hexes
  1279 | D:2      | Reached skill level 1 in Necromancy
  1279 | D:2      | Reached skill level 1 in Translocations
  1279 | D:2      | Reached skill level 1 in Transmutations
  1279 | D:2      | Reached skill level 1 in Fire Magic
  1279 | D:2      | Reached skill level 1 in Ice Magic
  1279 | D:2      | Reached skill level 1 in Air Magic
  1279 | D:2      | Reached skill level 1 in Earth Magic
  1279 | D:2      | Reached skill level 1 in Poison Magic
  1653 | D:2      | Reached XP level 5. HP: 37/37 MP: 9/12
  1975 | D:3      | Noticed Jessica
  1985 | D:3      | Killed Jessica
  2483 | D:4      | Learned a level 4 spell: Summon Lightning Spire
  2530 | D:4      | Reached XP level 6. HP: 26/44 MP: 10/13
  2776 | D:4      | Reached skill level 5 in Dodging
  3519 | D:4      | Found a snail-covered altar of Cheibriados.
  3588 | D:4      | Found a burning altar of Makhleb.
  3710 | D:5      | Entered Level 5 of the Dungeon
  3775 | D:5      | Noticed an ice beast
  3778 | D:5      | Reached XP level 7. HP: 51/51 MP: 8/15
  3790 | D:5      | Reached skill level 5 in Stealth
  3984 | D:5      | Reached XP level 8. HP: 24/58 MP: 11/16
  4876 | D:6      | Found Uhonaut's Assorted Antiques.
  4969 | D:6      | Reached XP level 9. HP: 48/65 MP: 5/18
  5285 | D:6      | Noticed Edmund
  5361 | D:6      | Killed Edmund
  5597 | D:6      | You fall into a shaft and drop 2 floors!
  5782 | D:8      | Found a transporter.
  5783 | D:8      | Found a transporter.
  5784 | D:8      | Noticed a white ugly thing
  5785 | D:8      | Found a corrupted altar of Lugonu.
  5785 | D:8      | Noticed a green ugly thing
  5785 | D:8      | Noticed a green ugly thing
  5787 | D:8      | Noticed a white ugly thing
  6109 | D:8      | Reached skill level 5 in Invocations
  6216 | D:8      | Found a white marble altar of Elyvilon.
  6759 | D:9      | Reached skill level 5 in Fighting
  6759 | D:9      | Reached skill level 5 in Short Blades
  6759 | D:9      | Reached skill level 5 in Long Blades
  6759 | D:9      | Reached skill level 5 in Axes
  6759 | D:9      | Reached skill level 5 in Maces & Flails
  6759 | D:9      | Reached skill level 5 in Polearms
  6759 | D:9      | Reached skill level 5 in Staves
  6759 | D:9      | Reached skill level 5 in Ranged Weapons
  6759 | D:9      | Reached skill level 5 in Throwing
  6759 | D:9      | Reached skill level 5 in Armour
  6759 | D:9      | Reached skill level 5 in Shields
  6759 | D:9      | Reached skill level 5 in Unarmed Combat
  6759 | D:9      | Reached skill level 5 in Evocations
  6759 | D:9      | Reached XP level 10. HP: 41/74 MP: 14/20
  7482 | D:9      | Found a staircase to the Lair.
  7959 | D:9      | Found a bloodstained altar of Trog.
  8147 | D:9      | Noticed a boulder beetle
  8185 | D:9      | Killed a boulder beetle
  8346 | D:9      | Identified the +2 cloak of Gokleh {Str+3 Int+3}
  8758 | D:7      | Reached skill level 5 in Conjurations
  8758 | D:7      | Reached skill level 5 in Hexes
  8758 | D:7      | Reached skill level 5 in Necromancy
  8758 | D:7      | Reached skill level 5 in Translocations
  8758 | D:7      | Reached skill level 5 in Transmutations
  8758 | D:7      | Reached skill level 5 in Fire Magic
  8758 | D:7      | Reached skill level 5 in Ice Magic
  8758 | D:7      | Reached skill level 5 in Air Magic
  8758 | D:7      | Reached skill level 5 in Earth Magic
  8758 | D:7      | Reached skill level 5 in Poison Magic
  8759 | D:7      | Reached XP level 11. HP: 32/81 MP: 9/22
  9008 | D:7      | Noticed Menkaure
  9015 | D:7      | Killed Menkaure
  9249 | D:7      | Found a runed translucent door.
  9250 | D:7      | Noticed Crazy Yiuf
  9257 | D:7      | Killed Crazy Yiuf
  9510 | D:7      | Noticed Joseph
  9521 | D:7      | Killed Joseph
  9702 | D:7      | Found a staircase to the Ecumenical Temple.
  9708 | Temple   | Entered the Ecumenical Temple
  9787 | Temple   | Became a worshipper of Sif Muna the Loreminder
 10252 | D:6      | Noticed Eustachio
 10277 | D:6      | Killed Eustachio
 10526 | Lair:1   | Entered Level 1 of the Lair of Beasts
 10903 | Lair:1   | Reached * piety under Sif Muna
 12554 | Lair:2   | Noticed a four-headed hydra
 12566 | Lair:2   | Killed a four-headed hydra
 12567 | Lair:2   | Reached XP level 12. HP: 52/91 MP: 12/24
 12788 | Lair:2   | Reached ** piety under Sif Muna
 12802 | Lair:2   | Noticed a five-headed hydra
 12812 | Lair:2   | Killed a five-headed hydra
 12879 | Lair:2   | Learned a level 3 spell: Teleport Other
 14284 | Lair:3   | Reached *** piety under Sif Muna
 14640 | Lair:3   | Gained mutation: You have hidden genetic defects. [potion
                  | of mutation]
 14640 | Lair:3   | Gained mutation: You have a pair of small antennae on your
                  | head. [potion of mutation]
 14641 | Lair:3   | Lost mutation: You have hidden genetic defects. [potion of
                  | mutation]
 14641 | Lair:3   | Lost mutation: You have a pair of small antennae on your
                  | head. [potion of mutation]
 14641 | Lair:3   | Gained mutation: You occasionally lose the ability to read
                  | scrolls when taking damage. [potion of mutation]
 14641 | Lair:3   | Gained mutation: Your flesh is heat resistant. (rF+)
                  | [potion of mutation]
 14642 | Lair:3   | Lost mutation: You occasionally lose the ability to read
                  | scrolls when taking damage. [potion of mutation]
 14642 | Lair:3   | Lost mutation: Your flesh is heat resistant. (rF+) [potion
                  | of mutation]
 14642 | Lair:3   | Gained mutation: You occasionally shout uncontrollably at
                  | your foes. [potion of mutation]
 14642 | Lair:3   | Gained mutation: Your muscles are strong. (Str +4, Int/Dex
                  | -1) [potion of mutation]
 14642 | Lair:3   | Gained mutation: Your skin changes colour to match your
                  | surroundings (Stealth+). [potion of mutation]
 14933 | Lair:3   | Reached XP level 13. HP: 87/98 MP: 9/26
 15090 | Lair:3   | Found a staircase to the Swamp.
 15166 | Lair:3   | Found a hole to the Spider Nest.
 15533 | Lair:3   | Reached skill level 10 in Summonings
 15940 | Lair:4   | Reached **** piety under Sif Muna
 16500 | Lair:4   | Learned a level 1 spell: Foxfire
 16505 | Lair:4   | Learned a level 4 spell: Olgreb's Toxic Radiance
 16798 | Lair:5   | Entered Level 5 of the Lair of Beasts
 16804 | Lair:5   | Reached skill level 10 in Spellcasting
 17758 | Lair:5   | Found a staircase to the Slime Pits.
 17758 | Lair:5   | Found a viscous altar of Jiyva.
 17867 | Lair:5   | Reached skill level 10 in Dodging
 18528 | Lair:5   | Reached skill level 10 in Stealth
 18880 | Lair:5   | Noticed a fire dragon
 18881 | Lair:5   | Found a large runed translucent door.
 18882 | Lair:5   | Found a large runed translucent door.
 19240 | Lair:5   | Reached skill level 10 in Invocations
 19240 | Lair:5   | Reached XP level 14. HP: 62/108 MP: 16/28
 19487 | Lair:5   | Reached ***** piety under Sif Muna
 19777 | Lair:5   | Got the Folio of the Ironbound Spider
 20020 | Lair:5   | Learned a level 7 spell: Summon Hydra
 20169 | Swamp:1  | Entered Level 1 of the Swamp
 20377 | Swamp:1  | Noticed an eleionoma
 20386 | Swamp:1  | Killed an eleionoma
 20670 | Swamp:1  | Received a gift from Sif Muna
 20679 | Swamp:1  | Got Ziusen's Atlas of Boreal Weather {god gift}
 20807 | Swamp:1  | Noticed an eleionoma
 20843 | Swamp:1  | Killed an eleionoma
 21759 | Swamp:2  | Killed from afar by a will-o-the-wisp

Illustrated notes

Levels and vault maps discovered:
D:1:      dpeg_arrival_long_road, layout_loops_ring, serial_shops,
          nicolae_shop_real_fake_doors
D:2:      layout_loops_cross, basic_altar, minivault_24, minmay_diced_spiral
D:3:      layout_rooms, uniq_jessica
D:4:      layout_loops_corners, minitemple
D:5:      layout_basic, minmay_small_thing
D:6:      minmay_razor_zed, layout_cave_pools, serial_shops, shop, uniq_edmund,
          uniq_eustachio
D:7:      layout_basic, temple_green, minmay_starry_boxes, uniq_menkaure,
          uniq_joseph, uniq_crazy_yiuf_cottage
D:8:      gammafunk_corrupted_shrine, layout_gridville, amcnicky_altar_gilded,
          st_stairs_1
D:9:      layout_long_grid, bloody_trog, erik_lair_orcish_takeover,
          nzn_sisyphean_effort
Temple:   compressed_dpeg_circular_temple
Lair:1:   layout_layer_cave, kennysheep_abandoned_house
Lair:2:   layout_chaotic_city, dreamdust_gnoll_shepherd, grunt_megastairs_5
Lair:3:   layout_regular_city, skrybe_swamp_entry_bodies,
          hellmonk_spider_entry_not_the_bees, st_stairs_10, beast_lair_carwin_5
Lair:4:   layout_roguey
Lair:5:   cheibrodos_lair_end_hotspot, layout_small_grid, slime_entry_1
Swamp:1:  layout_basic_swamp, evilmike_swamp_ruin_house_5
Swamp:2:  layout_basic_swamp, evilmike_swamp_ruin_rubble_1

Skill      XL: |  1  2  3  4  5  6  7  8  9 10 11 12 13 14 |
---------------+-------------------------------------------+-----
Spellcasting   | 5 6 7 8 9 10 | 10.9
Invocations    | 1 2 3 4 5 6 7 8 10 | 10.5
Fighting       | 1 2 3 5 6 7 8 9 |  9.6
Short Blades   | 1 2 3 5 6 7 8 9 |  9.6
Long Blades    | 1 2 3 5 6 7 8 9 |  9.6
Axes           | 1 2 3 5 6 7 8 9 |  9.6
Maces & Flails | 1 2 3 5 6 7 8 9 |  9.6
Polearms       | 1 2 3 5 6 7 8 9 |  9.6
Staves         | 1 2 3 5 6 7 8 9 |  9.6
Ranged Weapons | 1 2 3 5 6 7 8 9 |  9.6
Throwing       | 1 2 3 5 6 7 8 9 |  9.6
Armour         | 1 2 3 5 6 7 8 9 |  9.6
Shields        | 1 2 3 5 6 7 8 9 |  9.6
Unarmed Combat | 1 2 3 5 6 7 8 9 |  9.6
Evocations     | 1 2 3 5 6 7 8 9 |  9.6
Conjurations   | 1 2 3 4 5 6 7 8 |  8.1
Hexes          | 1 2 3 4 5 6 7 8 |  8.1
Necromancy     | 1 2 3 4 5 6 7 8 |  8.1
Translocations | 1 2 3 4 5 6 7 8 |  8.1
Transmutations | 1 2 3 4 5 6 7 8 |  8.1
Fire Magic     | 1 2 3 4 5 6 7 8 |  8.1
Ice Magic      | 1 2 3 4 5 6 7 8 |  8.1
Air Magic      | 1 2 3 4 5 6 7 8 |  8.1
Earth Magic    | 1 2 3 4 5 6 7 8 |  8.1
Poison Magic   | 1 2 3 4 5 6 7 8 |  8.1
Dodging        | 5 6 7 8 9 10 | 10.7
Stealth        | 5 6 7 8 9 10 | 10.5
Summonings     | 8 9 10 | 10.8

Action                     |  1- 3 |  4- 6 |  7- 9 | 10-12 | 13-15 || total
---------------------------+-------+-------+-------+-------+-------++-------
  Melee: Unarmed           |     9 |       |       |       |       ||     9
         Dagger            |    25 |       |       |       |       ||    25
         Bite              |     1 |     8 |    14 |    40 |    42 ||   105
         Long sword        |    11 |    85 |    35 |       |       ||   131
         Punch             |       |       |     5 |     1 |       ||     6
         Trident           |       |       |    56 |       |       ||    56
         Flail             |       |       |    35 |     7 |       ||    42
         Demon trident     |       |       |       |    64 |       ||    64
         Quarterstaff      |       |       |       |   235 |   210 ||   445
   Cast: Summon Small Mamm |    27 |    16 |    36 |    26 |     3 ||   108
         Call Imp          |     4 |    15 |    30 |    47 |    49 ||   145
         Call Canine Famil |     2 |    12 |    17 |    53 |    51 ||   135
         Summon Lightning  |       |       |    10 |    54 |    44 ||   108
         Teleport Other    |       |       |       |     1 |       ||     1
         Foxfire           |       |       |       |       |   103 ||   103
         Olgreb's Toxic Ra |       |       |       |       |     6 ||     6
    Use: Scroll            |       |       |    14 |    12 |     2 ||    28
         Potion            |       |       |       |     5 |       ||     5
   Stab: Sleeping          |     3 |     4 |     2 |       |       ||     9
         Distracted        |       |     1 |     5 |     5 |    13 ||    24
         Petrified         |       |       |       |       |     2 ||     2
         Petrifying        |       |       |       |       |     1 ||     1
 Armour: Robe              |    20 |    19 |    52 |    98 |    35 ||   224
         Swamp dragon scal |       |       |       |       |    28 ||    28
  Dodge: Dodged            |    42 |    71 |   132 |   286 |   145 ||   676
